 Dungeon Crawl Stone Soup version bcrawl-1.13.5 (webtiles) character file.

Game seed: 6314848507952065263

445 DawwaD the Chopper (level 6, -2/57 HPs)
             Began as a Minotaur Berserker on Aug 27, 2019.
             Was a Priest of Trog.
             Succumbed to Ijyb's poison
             ... on level 4 of the Dungeon.
             The game lasted 00:09:14 (2740 turns).

DawwaD the Chopper (Minotaur Berserker)             Turns: 2740, Time: 00:09:15

Health: -2/57      AC:  0    Str: 24    XL:     6   Next: 72%
Magic:  5/5        EV: 14    Int:  4    God:    Trog [***...]
Gold:   302        SH:  0    Dex:  9    Spells: 5/5 levels left

rFire    . . .     SeeInvis .   (weapon currently unavailable)
rCold    . . .     Gourm    .   (shield currently unavailable)
rNeg     . . .     Faith    .   (armour currently unavailable)
rPois    .         Spirit   .   (helmet currently unavailable)
rElec    .         Reflect  .   (cloak currently unavailable)
rCorr    .         Harm     .   (gloves currently unavailable)
MR       .....                  (boots currently unavailable)
Stlth    +.........             (no amulet)
HPRegen  0.19/turn              (ring currently unavailable)
MPRegen  0.09/turn              (ring currently unavailable)

@: lethally poisoned (-2 -> -41), pig-form, very quick
A: small, (retaliatory headbutt)
a: Berserk, Trog's Hand, Renounce Religion


You were on level 4 of the Dungeon.
You worshipped Trog.
Trog was most pleased with you.
You were not hungry.
You were a filthy swine.
You visited 1 branch of the dungeon, and saw 4 of its levels.

You collected 302 gold pieces.

Inventory:

Hand Weapons
 m - a +0 battleaxe (melded)
Armour
 o - a +0 plate armour of poison resistance (melded)
Jewellery
 n - a ring of ice (melded)
Scrolls
 b - a scroll of amnesia {unknown}
 g - 5 scrolls of identify {unknown}
 h - a scroll of fear {unknown}
 j - 3 scrolls of teleportation {unknown}
 l - a scroll of noise {unknown}
 p - 2 scrolls of enchant weapon {unknown}
 q - 2 scrolls of remove curse {unknown}
 r - a scroll of magic mapping {unknown}
Potions
 a - a potion of berserk rage {unknown}
 e - a potion of agility {unknown}
 f - 2 potions of degeneration {unknown}
 i - 2 potions of mutation {unknown}
 k - 2 potions of curing {unknown}
Comestibles
 c - 7 rations {!d}
 d - a chunk of flesh


   Skills:
 + Level 5.9 Fighting
 + Level 6.5 Axes
 + Level 4.7 Armour
 + Level 2.5 Dodging


You had 5 spell levels left.
You didn't know any spells.
Your spell library was empty.

Dungeon Overview and Level Annotations

Branches:
Dungeon (4/12)
 Temple: D:4-7

Altars:
Cheibriados
Ru

Shops:
D:4 }

Annotations:
D:4 Ijyb


Innate Abilities, Weirdness & Mutations

((You reflexively headbutt those who attack you in melee.))
((You have a pair of horns on your head.))


Message History

You barely miss Ijyb.
Ijyb is moderately wounded.
You feel very sick.
Ijyb hits you with a +0 dagger of venom.
You are lethally poisoned!
The iguana bites you.
You hit Ijyb.
Ijyb is heavily wounded.
You feel very sick. Ijyb barely misses you. The iguana bites you!
* * * LOW HITPOINT WARNING * * *
You completely miss Ijyb.
Ijyb is heavily wounded.
* * * LOW HITPOINT WARNING * * *
You feel very sick. Ijyb completely misses you. The iguana bites you!
* * * LOW HITPOINT WARNING * * *
You hit Ijyb.
Ijyb is heavily wounded.
You die...

......# #.).)# .. ......
#...## #.## ..... #....#
##... ... ....... ......
.........##.... #.....
.............. ......###
#..>..........
.......g###.............
.%.....h#.........#.#..#
.#......l.........#.#..#
##..............##.....
#....#.......#..##.....
#..........#..(.........
##..##.....#.##.......#.
### ##...##...[......##
######...#........
######..(....


You could see Ijyb and an iguana.

Vanquished Creatures
  A scorpion (D:4)
  A crimson imp (D:4)
  A hound (D:4)
  4 orc wizards
  A hound skeleton (D:4)
  Robin (D:2)
  4 adders
  4 gnolls (D:3)
  3 worms
  6 dart slugs
  2 leopard geckos
  10 orcs
  4 giant cockroaches
  13 goblins
  11 hobgoblins
  7 jackals
  2 quokkas
  2 ball pythons
  5 bats
  4 frilled lizards
  3 kobolds
  8 rats
  A bush (D:1)
98 creatures vanquished.

Notes
Turn   | Place    | Note
-------+----------+-------------------------------------------
     0 | D:1      | DawwaD the Minotaur Berserker began the quest for the Orb.
     0 | D:1      | Reached XP level 1. HP: 19/19 MP: 0/0
    90 | D:1      | Reached XP level 2. HP: 21/27 MP: 1/1
   209 | D:1      | Reached skill level 4 in Axes
   516 | D:1      | Reached XP level 3. HP: 31/33 MP: 2/2
   701 | D:1      | Reached ** piety under Trog
  1461 | D:2      | Found a sacrificial altar of Ru.
  1559 | D:2      | Noticed Robin
  1573 | D:2      | Reached XP level 4. HP: 33/41 MP: 3/3
  1579 | D:2      | Killed Robin
  1723 | D:3      | Reached *** piety under Trog
  1725 | D:3      | Reached skill level 5 in Axes
  1731 | D:3      | Reached XP level 5. HP: 47/47 MP: 4/4
  1804 | D:3      | Reached skill level 5 in Fighting
  2318 | D:4      | Found a snail-covered altar of Cheibriados.
  2326 | D:4      | Reached XP level 6. HP: 38/56 MP: 5/5
  2330 | D:4      | Reached skill level 6 in Axes
  2554 | D:4      | Found Koamimam's Gadget Shoppe.
  2724 | D:4      | Noticed Ijyb
  2739 | D:4      | HP: 1/57 [iguana (12)]
  2740 | D:4      | Succumbed to Ijyb's poison

Skill      XL: |  1  2  3  4  5  6 |
---------------+-------------------+-----
Fighting       | 4 5 |  5.9
Axes           | 4 5 6 |  6.5
Armour         | 3 4 |  4.7
Dodging        | |  2.5

Action                   |  1- 3 |  4- 6 || total
-------------------------+-------+-------++-------
Melee: Hand axe          |   124 |       ||   124
       Headbutt          |    26 |    15 ||    41
       Battleaxe         |    30 |   116 ||   146
       Unarmed           |       |     8 ||     8
Invok: Berserk           |       |     1 ||     1
  Eat: Ration            |     1 |       ||     1
       Chunk             |       |     4 ||     4
Armor: Animal skin       |     2 |       ||     2
       Chain mail        |    57 |       ||    57
       Plate armour      |    26 |   131 ||   157
Dodge: Dodged            |    41 |    77 ||   118
